 Dungeon Crawl Stone Soup version 0.27.1-2-g3b301248ec (webtiles) character file.

Game seed: 4589446622129836757

51 barney the Changer (level 3, -4/28 HPs)
             Began as a Draconian Transmuter on Sept 27, 2021.
             Slain by a gnoll (5 damage)
             ... on level 2 of the Dungeon.
             The game lasted 00:01:41 (1805 turns).

barney the Changer (Draconian Transmuter)           Turns: 1805, Time: 00:01:42

Health: -4/28      AC:  2    Str: 12    XL:     3   Next: 57%
Magic:  3/6        EV: 19    Int: 14    God:
Gold:   51         SH:  0    Dex: 16    Spells: 2/6 levels left

rFire    . . .     SeeInvis .     - Unarmed
rCold    . . .     Faith    .   (shield currently unavailable)
rNeg     . . .     Spirit   .   (armour unavailable)
rPois    x         Reflect  .   (helmet currently unavailable)
rElec    .         Harm     .   (cloak currently unavailable)
rCorr    +         Rampage  .   (gloves currently unavailable)
Will     .....                  (boots currently unavailable)
Stlth    +.........             (no amulet)
HPRegen  0.09/turn              e - ring of resist corrosion
MPRegen  0.10/turn              (no ring)

@: spider-form
A: venomous fangs, AC +5, tiny, unfitting armour, (cold-blooded), (hooves 1),
deterioration 1
a: End Transformation


You were on level 2 of the Dungeon.
You were a venomous arachnid creature.
You visited 1 branch of the dungeon, and saw 2 of its levels.

You collected 51 gold pieces.

Inventory:

Hand Weapons
 b - a +0 spear (melded)
Missiles
 g - a throwing net
Armour
 a - a +0 pair of gloves (melded)
Jewellery
 e - a ring of resist corrosion (left front leg)
Scrolls
 c - a scroll of brand weapon {unknown}
 f - a scroll of identify {unknown}
 i - a scroll of blinking {unknown}


   Skills:
 - Level 1.1 Fighting
 - Level 1.7 Dodging
 - Level 3.0 Unarmed Combat
 - Level 2.0 Spellcasting
 * Level 4.0 Transmutations


You had 2 spell levels left.
You knew the following spells:

 Your Spells              Type           Power      Damage    Failure   Level
a - Beastly Appendage     Tmut           24%        N/A       14%         1
b - Spider Form           Tmut/Pois      3%         N/A       52%         3

Your spell library contained the following spells:

 Spells                   Type           Power      Damage    Failure   Level
 Wereblood                Tmut           12%        N/A       19%         2
 Ice Form                 Ice/Tmut       7%         N/A       87%         4


Dungeon Overview and Level Annotations

Branches:
Dungeon (2/15)

Altars:

Shops:
D:1 ?


Innate Abilities, Weirdness & Mutations

You are a venomous arachnid creature.
You have poisonous fangs.
You are tiny and dextrous.
Your spellcasting is less reliable in this form.
Your armour is entirely melded.
You are incapable of wielding weapons or throwing items.
((Your plain brown scales are hard. (AC +5)))
You cannot fit into any form of body armour.
((You are cold-blooded and may be slowed by cold attacks.))
((You have large cloven feet.))
Your body sometimes deteriorates upon taking damage.


Message History

There are monsters nearby!
You hit the gnoll.
The gnoll is almost dead.
The gnoll hits you with a +0 club.
You barely miss the gnoll.
The gnoll is almost dead.
The gnoll throws a throwing net.
The throwing net hits you.
You become entangled in the net!
The gnoll hits you but does no damage.
There are monsters nearby!
You are held in a net!
You are held in a net!
You are held in a net!
Unknown command.
You struggle against the net.
The gnoll hits you from afar with a +0 spear.
The gnoll hits you with a +0 club.
You struggle against the net.
The gnoll closely misses you. The gnoll hits you but does no damage.
You struggle against the net.
The gnoll hits you from afar with a +0 spear.
* * * LOW HITPOINT WARNING * * *
The gnoll barely misses you.
It was a potion of mutation.
You feel extremely strange.
You feel yourself wasting away.
Your feet thicken and deform.
The gnoll hits you but does no damage. The gnoll barely misses you.
It was a potion of magic.
Magic courses through your body. The gnoll barely misses you.
The gnoll hits you with a +0 club.
* * * LOW HITPOINT WARNING * * *
Unknown command.
You rip the net and break free!
The gnoll closely misses you. The gnoll hits you with a +0 club.
* * * LOW HITPOINT WARNING * * *
Casting: Beastly Appendage (safe; 4% risk of failure)
Confirm with . or Enter, or press ? or * to list all spells.
The spell is extremely dangerous to cast (30% risk of failure)!
Continue anyway?
You turn into a venomous arachnid creature.
Your +0 spear melds into your body.
Your +0 pair of gloves melds into your body.
The gnoll barely misses you. The gnoll hits you with a +0 club.
You die...

+>.......# . #
#........###.. ##
#.###............. ..
#...'...........#
#.#.#.###...........#
#.......#...........#
#.#.#.Sg###'#..#....#
#g# #.##)#....#
#s###.##......#
#.....###.....#
######........#
#.....#### #.....##
#......# ..'.(..#.##
###....#..# #
#.....##.## #


You could see 2 gnolls and a ball python.

Vanquished Creatures
  A gnoll (D:1)
  A worm (D:2)
  5 bats
  3 endoplasms (D:1)
  5 goblins
  2 hobgoblins
  2 quokkas
  5 ball pythons
  2 frilled lizards
  7 kobolds
  5 rats
38 creatures vanquished.

Notes
Turn   | Place    | Note
-------+----------+-------------------------------------------
     0 | D:1      | barney the Draconian Transmuter began the quest for the
                  | Orb.
     0 | D:1      | Reached XP level 1. HP: 16/16 MP: 3/3
   107 | D:1      | Reached XP level 2. HP: 13/23 MP: 3/5
   297 | D:1      | Reached skill level 3 in Transmutations
   822 | D:1      | Found Nuskuall's Magic Scroll Shoppe.
  1056 | D:1      | Reached XP level 3. HP: 28/28 MP: 6/6
  1060 | D:1      | Learned a level 3 spell: Spider Form
  1767 | D:2      | Reached skill level 4 in Transmutations
  1801 | D:2      | Gained mutation: Your body sometimes deteriorates upon
                  | taking damage. [potion of mutation]
  1801 | D:2      | Gained mutation: You have large cloven feet. [potion of
                  | mutation]
  1803 | D:2      | HP: 1/28 [gnoll (6)]
  1805 | D:2      | Slain by a gnoll

Illustrated notes

Levels and vault maps discovered:
D:1:      lightli_arrival_boilingwater, layout_basic, serial_shops,
          nicolae_shop_behind_doors
D:2:      layout_basic, glass_columns_a

Skill      XL: |  1  2  3 |
---------------+----------+-----
Transmutations | 3 4 |  4.0
Fighting       | |  1.1
Dodging        | |  1.7
Unarmed Combat | |  3.0
Spellcasting   | |  2.0

Action                   || total
-------------------------++-------
Melee: Unarmed           ||     7
       Kick              ||     6
       Headbutt          ||     3
       Spear             ||   126
       Tailslap          ||    13
 Cast: Beastly Appendage ||    10
       Spider Form       ||     1
  Use: Potion            ||     2
 Stab: Sleeping          ||     2
       Distracted        ||     1
Armor: Skin              ||    36
Dodge: Dodged            ||    71
